 Dungeon Crawl Stone Soup version 0.21-a0-81-gc5150db (webtiles) character file.

347 murphy the Fighter (level 6, -3/83 HPs)
             Began as an Ogre Arcane Marksman on June 23, 2017.
             Was an Initiate of Gozag.
             Killed by divine providence
             ... invoked by an orc priest
              (12 damage)
             ... on level 3 of the Dungeon.
             The game lasted 00:13:45 (2977 turns).

murphy the Fighter (Ogre Arcane Marksman)           Turns: 2977, Time: 00:13:45

Health: -3/83      AC:  3    Str: 16    XL:     6   Next: 59%
Magic:  7/7        EV: 10    Int: 15    God:    Gozag
Gold:   342        SH:  0    Dex:  9    Spells: 1/7 levels left

rFire    . . .     SeeInvis .   q - +3 dagger
rCold    . . .     Gourm    .   (no shield)
rNeg     . . .     Faith    .   a - +0 robe
rPois    .         Spirit   .   (helmet restricted)
rElec    .         Reflect  .   (no cloak)
rCorr    .         Harm     .   (gloves unavailable)
MR       .....                  (boots unavailable)
Stlth    +.........             (no amulet)
HPRegen  0.23/turn              (no ring)
MPRegen  0.10/turn              (no ring)

@: confused
A: unfitting armour, tough skin 1
a: Potion Petition, Call Merchant, Bribe Branch, Renounce Religion


You were on level 3 of the Dungeon.
You worshipped Gozag.
Gozag was aware of your devotion.
You were near starving.

You visited 1 branch of the dungeon, and saw 3 of its levels.

You collected 342 gold pieces.

Inventory:

Hand Weapons
 q - a +3 dagger (weapon)
Missiles
 Q - 14 stones (quivered)
Armour
 a - a +0 robe (worn)
Scrolls
 f - a scroll of immolation {unknown}
 j - a scroll of noise {unknown}
 k - a scroll of remove curse {unknown}
 l - 2 scrolls of enchant weapon
 m - a scroll of teleportation {unknown}
 n - 2 scrolls of magic mapping {!r}
Potions
 i - a potion of ambrosia
Books
 b - a book of Debilitation

   Spells                             Type                      Level
   a - Corona                         Hexes                        1
   b - Slow                           Hexes                        2
   c - Inner Flame                    Hexes/Fire                   3
   d - Portal Projectile              Hexes/Translocation          3
   e - Cause Fear                     Hexes                        4
   f - Leda's Liquefaction            Hexes/Earth                  4
Comestibles
 e - 2 meat rations {@e1}
 o - 2 bread rations {@e1}


   Skills:
 + Level 11.8 Fighting
 + Level 9.4 Throwing
 - Level 1.7 Dodging
 - Level 1.2 Spellcasting
 - Level 2.6 Hexes


You had one spell level left.
You knew the following spells:

 Your Spells              Type           Power        Failure   Level  Hunger
a - Corona                Hex            #......      8%          1    ##.....
b - Slow                  Hex            #.......     12%         2    ###....
c - Portal Projectile     Hex/Tloc       #.....       38%         3    ####...


Dungeon Overview and Level Annotations

Branches:
Dungeon (3/15)

Altars:
Gozag
Trog


Innate Abilities, Weirdness & Mutations

You are too large for most types of armour.
You have tough skin. (AC +1)


Message History

Unknown command.
The orc priest hits you with a short sword.
* * * LOW HITPOINT WARNING * * *
You regained 2 hp, and now have 8/83 hp.
Unknown command.
Unknown command.
The orc priest invokes the aid of Beogh against you.
Pain shoots through your body!
* * * LOW HITPOINT WARNING * * *
You take 7 damage, and have 1/83 hp.
Unknown command.
Unknown command.
The orc priest closely misses you.
You regained 3 hp, and now have 4/83 hp.
Unknown command.
Unknown command.
The orc priest invokes the aid of Beogh against you.
Beogh smites you!
You die...
Your body crumbles into a pile of gold.

......# ##..# #.###..#
.......####...#######.......
.......o.....>..............
.......#.##...#.#####.......
.....o##o###..#.# #.###..#
...oo# #.# ##.#.# #.###.##
#..o# #.# #..#.# #.#.[.#
##+# #.###.##.# #.#.###
#((o@....# #.#.# #####.####
#.#.#### #.# #..).... #.#
###.#### #.# #)# #.# #.# #
..# #.#### ## #..... ######


You could see an orc priest.

Vanquished Creatures
  2 orc priests (D:3)
  5 adders (D:2)
  2 oozes
  3 worms (D:2)
  2 dart slugs
  3 leopard geckos
  5 orcs (D:3)
  10 bats
  2 giant cockroaches
  3 goblins
  A hobgoblin (D:1)
  6 kobolds
  A ball python (D:2)
  10 frilled lizards
  3 rats
58 creatures vanquished.

Notes
Turn   | Place    | Note
-------+----------+-------------------------------------------
     0 | D:1      | murphy the Ogre Arcane Marksman began the quest for the Orb.
     0 | D:1      | Reached XP level 1. HP: 19/19 MP: 2/2
   195 | D:1      | Reached skill level 2 in Fighting
   195 | D:1      | Reached XP level 2. HP: 28/28 MP: 3/3
   228 | D:1      | Learned a level 2 spell: Slow
   940 | D:2      | Reached XP level 3. HP: 31/36 MP: 4/4
   950 | D:2      | Reached skill level 3 in Fighting
  1456 | D:2      | Reached XP level 4. HP: 45/45 MP: 3/5
  1621 | D:2      | Found a faded altar of an unknown god.
  1648 | D:2      | Became a worshipper of Gozag Ym Sagoz the Greedy
  1918 | D:2      | Found a bloodstained altar of Trog.
  1921 | D:2      | Found an opulent altar of Gozag.
  1929 | D:2      | Reached skill level 4 in Fighting
  2532 | D:3      | HP: 1/48 [orc (3)]
  2535 | D:3      | Reached XP level 5. HP: 12/55 MP: 6/6
  2802 | D:3      | Learned a level 3 spell: Portal Projectile
  2842 | D:3      | Reached skill level 5 in Fighting
  2972 | D:3      | HP: 1/57 [orc priest/divine providence (12)]
  2973 | D:3      | Reached skill level 11 in Fighting
  2973 | D:3      | Reached XP level 6. HP: 1/83 MP: 7/7
  2977 | D:3      | Killed from afar by an orc priest

Vault maps used:
D:1:      minmay_arrival_plants_in_alcoves, grunt_decor_fettered
D:2:      grunt_gozag_breadcrumbs, bloody_trog,
          chequers_ecumenical_altar_simple, minmay_surrounded
D:3:      minmay_lizard_king

Skill      XL: |  1  2  3  4  5 |
---------------+----------------+-----
Fighting       | 2 3 4 11 | 11.8
Throwing       | 3 4 9 |  9.4
Dodging        | |  1.7
Spellcasting   | |  1.2
Hexes          | |  2.6

Action                   |  1- 3 |  4- 6 || total
-------------------------+-------+-------++-------
Melee: Dagger            |   107 |   105 ||   212
Throw: Large rock        |    17 |    20 ||    37
       Throwing net      |     2 |     3 ||     5
       Stone             |       |    23 ||    23
 Cast: Corona            |     6 |    39 ||    45
Invok: Potion Petition   |       |     1 ||     1
  Use: Scroll            |     1 |     1 ||     2
       Potion            |       |     2 ||     2
 Stab: Held in net/web   |       |     3 ||     3
  Eat: Chunk             |     2 |     2 ||     4
       Fruit             |       |     3 ||     3
Armor: Robe              |    61 |    41 ||   102
Dodge: Dodged            |    91 |    70 ||   161
